 Dungeon Crawl Stone Soup version 0.19.5 (webtiles) character file.

10413 hyperquik the Nimble (level 11, 0/99 HPs)
             Began as a Green Draconian Assassin on May 2, 2017.
             Was a High Priest of Dithmenos.
             Slain by a minotaur
             ... wielding the +8 short sword of Ragnarok {freeze, *Noise *Drain rPois SInv}
              (7 damage)
             ... in a labyrinth on May 3, 2017.
             The game lasted 01:23:23 (14038 turns).

hyperquik the Nimble (Green Draconian Assassin)    Turns: 14038, Time: 01:23:24

Health: 0/99       AC: 10    Str: 15    XL:     11   Next: 35%
Magic:  11/11      EV: 24    Int: 11    God:    Dithmenos [*****.]
Gold:   673        SH:  0    Dex: 15    Spells: 1 memorised, 8 levels left

rFire  . . .     SeeInvis .     a - +1 dagger (venom)
rCold  . . .     Gourm    .     (armour unavailable)
rNeg   + . .     Faith    .     (no shield)
rPois  +         Spirit   .     (helmet restricted)
rElec  .         Reflect  .     U - +0 cloak {rPois} {rPois}
rCorr  .         Harm     .     P - +1 pair of gloves
MR     .....                    (no boots)
Stlth  ++++++....               Y - amulet of magic regeneration
                                j - +3 ring of evasion
                                N - ring of positive energy {rN+}

@: short of breath, slowed, wreathed by umbra, very slow
A: breathe noxious fumes, unfitting armour, horns 1, poison resistance,
cold-blooded, AC +7
a: Breathe Noxious Fumes, Shadow Step, Shadow Form, Renounce Religion


You were in a labyrinth.
You worshipped Dithmenos.
Dithmenos was extremely pleased with you.
You were not hungry.

You visited 2 branches of the dungeon, and saw 12 of its levels.
You also visited: Labyrinth and Sewer.

You collected 775 gold pieces.
You spent 102 gold pieces at shops.

Inventory:

Hand Weapons
 a - a +1 dagger of venom (weapon)
 b - a +4 hunting sling
 c - a +2 dagger of speed
 d - a +5 scimitar
 w - a +0 blowgun
 G - a +3 trident
Missiles
 v - 18 poisoned needles
 L - 7 poisoned javelins (quivered)
 Q - 331 stones
Armour
 P - a +1 pair of gloves (worn)
 U - a +0 cloak of poison resistance (worn) {rPois}
Jewellery
 j - a +3 ring of evasion (right hand)
 m - an uncursed ring of protection from magic
 F - an uncursed ring of protection from fire
 N - a ring of positive energy (left hand) {rN+}
 Y - an amulet of magic regeneration (around neck)
Wands
 h - a wand of heal wounds (1/9)
 u - a wand of disintegration (10/24)
 O - a wand of acid (15/15)
 V - a wand of slowing (11/48)
 Z - a wand of paralysis (0/24)
Scrolls
 e - a scroll of fear
 f - 2 scrolls of fog
 i - a scroll of identify
 r - 2 scrolls of recharging
 t - 2 scrolls of teleportation
 y - a scroll of acquirement {unknown}
 B - 2 scrolls of blinking {!r}
 R - a scroll of summoning {unknown}
Potions
 l - 3 potions of lignification {!q}
 o - 2 potions of cure mutation {!q}
 q - 3 potions of resistance
 s - a potion of ambrosia
 x - 3 potions of cancellation
 z - 5 potions of heal wounds
 C - a potion of might
 D - a potion of agility
 E - 7 potions of curing
 J - 3 potions of invisibility
 S - a potion of brilliance {unknown}
Comestibles
 n - 9 meat rations


   Skills:
 - Level 9.8 Fighting
 - Level 2.0 Short Blades
 - Level 1.7 Throwing
 + Level 12.4 Dodging
 - Level 7.8 Stealth
 - Level 1.8 Charms
 - Level 1.2 Air Magic
 - Level 0.7 Invocations


You had 8 spell levels left.
You knew the following spells:

 Your Spells              Type           Power        Failure   Level  Hunger
d - Repel Missiles        Chrm/Air       #.....       30%         2    ###....


Dungeon Overview and Level Annotations

Branches:
Dungeon (11/15)            Temple (1/1) D:6            Lair (0/6) D:11
    Orc (0/2) D:10

Altars:
Ashenzari
Cheibriados
Dithmenos
Elyvilon
Gozag
Hepliaklqana
Nemelex Xobeh
Okawaru
Ru
Sif Muna
Uskayaw
Vehumet
Yredelemnul
Zin
The Shining One
Beogh

Shops:
D:9 *}((

Annotations:
D:7 Vault. Bring wand of disintegration


Innate Abilities, Weirdness & Mutations

You can breathe blasts of noxious fumes.
Your lurid green scales are hard. (AC +7)
You cannot fit into any form of body armour.
Your system is resistant to poisons. (rPois)
You are cold-blooded and may be slowed by cold attacks.
You have a pair of small horns on your head.


Message History

The minotaur freezes you.
* * * LOW HITPOINT WARNING * * *
The minotaur barely misses you.
You take 1 damage, and have 36/99 hp.
You exhale a blast of noxious fumes.
The blast of choking fumes misses the minotaur.
You feel somewhat more hungry.
You hit the minotaur but do no damage.
You headbutt the minotaur, but do no damage.
The minotaur hits you with an ancient short sword {freeze}!!
* * * LOW HITPOINT WARNING * * *
You emit a cloud of dark smoke.
You feel yourself slow down. The minotaur freezes you!
* * * LOW HITPOINT WARNING * * *
The minotaur barely misses you.
You take 42 damage, and have 6/99 hp.
MASSIVE DAMAGE!!
The minotaur hits you with an ancient short sword {freeze}!
You die...

. . # . ..#. .
#.##### ##. .
.# #.#.....#. .
# ... #.#...#
.# # ...##
#...... ......
.. #...... .
..### . #
#...######## #
.. ..
#.##...........
. ###. #...§@#
##### . ...
#.####§H# ( .
#.## #.
.....§§§#
.#....
###.#§§§#.#
#.#.. ###
#....§# ######.
. .# #####§# .
.#..#. #§###
##### .. ..
#.............
##
#.......#....


You could see a minotaur.

Vault maps used:
D:1:      minmay_arrival_five_plusses
D:2:      kennysheep_goblin_castle, grunt_dithmenos_smoke, uniq_jessica
D:3:      cheibriados_altar_wand_db
D:4:      first_bread, serial_curves, eino_curves_02, eino_curves_04,
          kennysheep_orc_chapel
D:5:      old_standard_altar
D:6:      minmay_temple_entry_poolview, portal_sewer_entry_d, uniq_grinder
D:7:      grunt_temple_overflow_holy_war, grunt_temple_overflow_gold_and_silver,
          chequers_temple_overflow_statue_of_worship, lightli_corner_chamber,
          uniq_crazy_yiuf_cottage
D:8:      kennysheep_mini, hangedman_pestilent_swarm, evilmike_ruin_ashenzari
D:9:      lemuel_blue_sif_altar, marbit_many_paths, serial_shops,
          shop_fountains, nicolae_shop_behind_doors, nicolae_shop_statue_plus,
          nicolae_shop_crystal
D:10:     zombieorc1_lemuel, grunt_decor_mini_mirrors, kennysheep_flooded_box,
          serial_bayou_pond_a, uniq_snorg
D:11:     dpeg_lair_monsters, lab_entry_generic, special_room, uniq_fannar
Temple:   eino_wide_crystal_templ
Lab:      labyrinth_spiral, nicolae_lab_hexagon
Sewer:    kennysheep_door_sewer

Notes
Turn   | Place    | Note
-------+----------+-------------------------------------------
     0 | D:1      | hyperquik the Draconian Assassin began the quest for the Orb.
     0 | D:1      | Reached XP level 1. HP: 17/17 MP: 1/1
    75 | D:1      | Identified a ring of evasion (You found it on level 1 of the Dungeon)
   126 | D:1      | Reached skill level 3 in Fighting
   223 | D:1      | Reached XP level 2. HP: 23/26 MP: 2/2
   522 | D:2      | Found a shadowy altar of Dithmenos.
   532 | D:2      | Became a worshipper of Dithmenos the Shadowed
   605 | D:2      | Identified a +0 blowgun
   608 | D:2      | Identified a +2 dagger
   619 | D:2      | Reached XP level 3. HP: 19/33 MP: 3/3
   637 | D:2      | Reached skill level 4 in Fighting
   818 | D:2      | Noticed Jessica
   831 | D:2      | Killed Jessica
   834 | D:2      | Identified a +1 dagger of venom (You took it off Jessica on level 2 of the Dungeon)
  1056 | D:2      | Reached XP level 4. HP: 41/41 MP: 4/4
  1161 | D:2      | Reached skill level 5 in Fighting
  1304 | D:2      | Reached * piety under Dithmenos
  1318 | D:2      | Noticed Robin
  1402 | D:2      | Identified a +3 hunting sling (You took it off a goblin on level 2 of the Dungeon)
  1562 | D:2      | Killed Robin
  2058 | D:3      | Reached XP level 5. HP: 50/50 MP: 5/5
  2150 | D:3      | Reached skill level 6 in Fighting
  2463 | D:3      | Reached skill level 1 in Dodging
  2545 | D:3      | Found a snail-covered altar of Cheibriados.
  2554 | D:3      | Reached ** piety under Dithmenos
  2754 | D:3      | Reached XP level 6. HP: 25/57 MP: 6/6
  2767 | D:3      | Identified a +2 dagger of speed (You took it off an orc priest on level 3 of the Dungeon)
  2934 | D:3      | Identified a ring of positive energy (You found it on level 3 of the Dungeon)
  2936 | D:3      | Identified a ring of strength (You found it on level 3 of the Dungeon)
  2938 | D:3      | Identified a ring of magical power (You found it on level 3 of the Dungeon)
  2940 | D:3      | Identified a ring of protection from magic (You found it on level 2 of the Dungeon)
  2947 | D:4      | Identified 5 scrolls of identify
  2947 | D:4      | Identified a potion of beneficial mutation
  2950 | D:3      | Gained mutation: You have a pair of small horns on your head. [potion of beneficial mutation]
  2951 | D:3      | Identified 2 potions of mutation
  2952 | D:3      | Identified 2 potions of cancellation
  2953 | D:3      | Identified 2 potions of cure mutation
  2954 | D:3      | Identified 2 potions of lignification
  2973 | D:4      | Identified 2 potions of flight
  3014 | D:4      | Reached skill level 2 in Dodging
  3101 | D:4      | Reached skill level 4 in Stealth
  3144 | D:4      | Identified a potion of might
  3201 | D:4      | Reached skill level 3 in Dodging
  3304 | D:4      | Your scales start taking on a lurid green colour.
  3304 | D:4      | Reached XP level 7. HP: 64/64 MP: 7/7
  3304 | D:4      | Gained mutation: Your system is resistant to poisons. (rPois) [Green Draconian growth]
  3417 | D:4      | Identified a potion of curing
  3451 | D:4      | Reached skill level 7 in Fighting
  3538 | D:4      | Identified a potion of ambrosia
  3608 | D:4      | Found a roughly hewn altar of Beogh.
  3751 | D:4      | Reached skill level 4 in Dodging
  3885 | D:4      | Reached skill level 5 in Stealth
  3950 | D:5      | Entered Level 5 of the Dungeon
  3951 | D:5      | Identified 2 scrolls of fear
  3952 | D:5      | Identified 2 scrolls of amnesia
  3953 | D:5      | Identified 2 scrolls of remove curse
  3954 | D:5      | Identified 2 scrolls of blinking
  3955 | D:5      | Identified 2 scrolls of teleportation
  4053 | D:5      | Found a radiant altar of Vehumet.
  4292 | D:5      | Identified a +0 pair of gloves (You found it on level 5 of the Dungeon)
  4313 | D:5      | Identified a +0 dagger of venom (You found it on level 5 of the Dungeon)
  4418 | D:5      | Reached XP level 8. HP: 73/73 MP: 8/8
  4686 | D:5      | Identified a potion of invisibility
  4987 | D:6      | Identified 2 scrolls of enchant armour
  4988 | D:6      | Identified a scroll of enchant weapon
  4989 | D:6      | Identified a scroll of fog
  4990 | D:6      | Identified a scroll of recharging
  4991 | D:6      | Identified a scroll of random uselessness
  4992 | D:6      | Identified a scroll of magic mapping
  5062 | D:5      | Reached skill level 5 in Dodging
  5269 | D:6      | Found a glowing drain.
  5280 | Sewer    | Entered a sewer
  5402 | Sewer    | Noticed Purgy
  5409 | Sewer    | Killed Purgy
  5415 | Sewer    | Identified a potion of agility
  5416 | Sewer    | Identified 2 potions of resistance
  5417 | Sewer    | Identified 2 potions of heal wounds
  5459 | Sewer    | hyperquik: ??purgy
  5459 | Sewer    | beem: purgy[1/4]: An unusually thin and nervous troll. Sad, really. :(
  5459 | Sewer    | hyperquik: ??purgy[2
  5459 | Sewer    | beem: purgy[2/4]: True professionals who play trolls will religiously kill and wear Purgy to prove they are the mightiest troll bully of them all. What a bunch of trolls. :(
  5459 | Sewer    | hyperquik: ??purgy[3
  5459 | Sewer    | beem: purgy[3/4]: Do it. Be the troll troll. :(
  5459 | Sewer    | hyperquik: ??purgy[4
  5459 | Sewer    | beem: purgy[4/4]: Purgy wins 10.34% of battles against sewer.
  5459 | Sewer    | hyperquik: @??purgy
  5459 | Sewer    | beem: Purgy (T)
                  | Spd:
    10 | HD: 5    | HP: 28-41
                  | AC/EV: 1/12
                  | Dam: 9, 4, 4
                  | doors, regen
                  | Res: magic(10)
                  | XP:
   134 | Sz: Large | Int: human.
  5585 | D:6      | Reached *** piety under Dithmenos
  5655 | D:6      | Noticed Grinder
  5668 | D:6      | Killed Grinder
  5668 | D:6      | Reached skill level 8 in Fighting
  5681 | D:6      | Learned a level 2 spell: Repel Missiles
  5769 | D:6      | Reached skill level 1 in Charms
  5806 | D:6      | Reached skill level 1 in Air Magic
  5981 | D:6      | Found a staircase to the Ecumenical Temple.
  5991 | Temple   | Entered the Ecumenical Temple
  6145 | D:5      | Reached skill level 6 in Dodging
  6145 | D:5      | Reached skill level 6 in Stealth
  6422 | D:6      | Noticed a hippogriff
  6448 | D:6      | Killed a hippogriff
  6448 | D:6      | Reached XP level 9. HP: 82/82 MP: 9/9
  6655 | D:6      | Reached skill level 7 in Dodging
  6920 | D:7      | Found a shattered altar of Ashenzari.
  6920 | D:7      | Found a sparkling altar of Nemelex Xobeh.
  6987 | D:7      | Reached skill level 9 in Fighting
  7234 | D:7      | Reached skill level 7 in Stealth
  7433 | D:7      | Reached skill level 8 in Dodging
  7612 | D:7      | Found a glowing silver altar of Zin.
  7613 | D:7      | Found an opulent altar of Gozag.
  7668 | D:7      | Reached **** piety under Dithmenos
  7726 | D:7      | Found a basalt altar of Yredelemnul.
  7729 | D:7      | Noticed a profane servitor
  7753 | D:7      | Found a glowing golden altar of the Shining One.
  7827 | D:7      | Noticed a cyclops
  7851 | D:7      | Found a runed door.
  8038 | D:7      | Noticed an angel
  8100 | D:7      | Noticed Crazy Yiuf
  8239 | D:7      | Killed Crazy Yiuf
  8255 | D:7      | Identified a +0 cloak of poison resistance (You took it off Crazy Yiuf on level 7 of the Dungeon)
  8713 | D:8      | Reached XP level 10. HP: 91/91 MP: 10/10
  8718 | D:8      | Identified a +0 long sword of slicing (You took it off an orc warrior on level 8 of the Dungeon)
  8958 | D:8      | Found a shattered altar of Ashenzari.
  9129 | D:8      | Found a white marble altar of Elyvilon.
  9161 | D:9      | Found Botuxaev's Antique Weapon Emporium.
  9232 | D:9      | Found Niuj's Weapon Emporium.
  9362 | D:9      | Identified a +2 falchion of draining (You took it off an orc on level 9 of the Dungeon)
  9568 | D:7      | Identified a cursed -2 mace (You found it on level 7 of the Dungeon)
  9687 | D:9      | Found Onu Leih's General Store.
  9713 | D:9      | Reached skill level 9 in Dodging
  9923 | D:9      | Bought a potion of degeneration for 17 gold pieces
 10033 | D:9      | Found a hazy altar of Hepliaklqana.
 10265 | D:9      | Found Lohotuz's Gadget Emporium.
 10419 | D:9      | Found a deep blue altar of Sif Muna.
 10542 | D:10     | Entered Level 10 of the Dungeon
 10827 | D:10     | Reached ***** piety under Dithmenos
 10931 | D:9      | Reached skill level 10 in Dodging
 10950 | D:9      | Bought a scroll of identify for 34 gold pieces
 10950 | D:9      | Identified an amulet of magic regeneration (You took it off a crimson imp on level 10 of the Dungeon)
 11273 | D:10     | Found a staircase to the Orcish Mines.
 11335 | D:10     | Noticed a hill giant
 11359 | D:10     | Found a hide-covered altar of Uskayaw.
 11600 | D:10     | Identified a ring of protection from fire (You took it off a big kobold on level 10 of the Dungeon)
 11845 | D:10     | Killed a hill giant
 11845 | D:10     | Reached skill level 11 in Dodging
 11960 | D:10     | Noticed Snorg
 12151 | D:10     | HP: 22/93 [Snorg (21)]
 12154 | D:10     | Killed Snorg
 12154 | D:10     | Identified a +0 troll leather armour {Snorg}
 12154 | D:10     | Reached XP level 11. HP: 24/99 MP: 11/11
 12438 | D:10     | Noticed a hill giant
 12805 | D:10     | Identified a +3 trident (You took it off an orc warrior on level 10 of the Dungeon)
 13142 | D:10     | Identified a cursed +5 scimitar (You took it off a wight on level 10 of the Dungeon)
 13243 | D:11     | Found a labyrinth entrance.
 13248 | D:11     | Reached skill level 12 in Dodging
 13542 | D:9      | Bought a scroll of remove curse for 51 gold pieces
 13614 | Lab      | Entered a labyrinth
 13971 | Lab      | Noticed a minotaur
 14037 | Lab      | HP: 20/99 [minotaur/ancient short sword {freeze} (28)]
 14037 | Lab      | HP: 6/99 [minotaur/ancient short sword {freeze} (14)]
 14038 | Lab      | Identified the +8 short sword of Ragnarok {freeze, *Noise *Drain rPois SInv}
 14038 | Lab      | Slain by a minotaur

Table legend:
 A = Turns spent in this place as a percentage of turns spent in the entire game.
 B = Non-inter-level travel turns spent in this place as a percentage of non-inter-level travel turns spent in the entire game.
 C = Inter-level travel turns spent in this place as a percentage of turns spent in this place.
 D = Turns resting spent in this place as a percentage of non-inter-level travel turns spent in this place.
 E = Turns spent auto-exploring this place as a percentage of non-inter-level travel turns spent in this place.
 F = Non-inter-level travel turns spent in this place divided by the number of levels of this place that you've seen.
                   A       B       C       D       E      F
               +-------+-------+-------+-------+-------+----------------------
         Total | 100.0 | 100.0 |   0.5 |   1.4 |   5.6 | 390.5
       Dungeon |  88.7 |  88.7 |   0.6 |   1.6 |   6.3 | 440.7
        Temple |   0.2 |   0.2 |   0.0 |   0.0 |   0.0 |  10.0
     Labyrinth |   8.0 |   8.0 |   0.0 |   0.0 |   0.0 | 439.0
         Sewer |   3.1 |   3.1 |   0.0 |   0.0 |   0.6 | 170.0
               +-------+-------+-------+-------+-------+----------------------

Table legend:
 A = Kills in this place as a percentage of kills in entire the game.
 B = Kills by you in this place as a percentage of kills by you in the entire game.
 C = Kills by friends in this place as a percentage of kills by friends in the entire game.
 D = Other kills in this place as a percentage of other kills in the entire game.
 E = Experience gained in this place as a percentage of experience gained in the entire game.
 F = Experience gained in this place divided by the number of levels of this place that you have seen.
                   A       B       C       D       E      F
               +-------+-------+-------+-------+-------+----------------------
         Total | 100.0 | 100.0 | 100.0 | 100.0 | 100.0 | 1062.6
       Dungeon |  97.1 |  97.1 | 100.0 | 100.0 |  94.2 | 1274.3
     Labyrinth |   1.1 |   1.2 |   0.0 |   0.0 |   4.8 | 717.0
         Sewer |   1.7 |   1.7 |   0.0 |   0.0 |   1.0 | 142.0
               +-------+-------+-------+-------+-------+----------------------

Skill      XL: |  1  2  3  4  5  6  7  8  9 10 11 |
---------------+----------------------------------+-----
Fighting       | 3 4 5 6 7 8 9 |  9.8
Dodging        | 1 3 4 6 8 11 12 | 12.4
Stealth        | 4 5 6 7 |  7.8
Charms         | 1 |  1.8
Air Magic      | 1 |  1.2
Short Blades   | |  2.0
Throwing       | |  1.7
Invocations    | |  0.7

Action                   |  1- 3 |  4- 6 |  7- 9 | 10-12 || total
-------------------------+-------+-------+-------+-------++-------
Melee: Dagger            |    96 |   161 |   397 |   382 ||  1036
       Tailslap          |     6 |    16 |    55 |    95 ||   172
       Headbutt          |       |     6 |    67 |   129 ||   202
       Trident           |       |       |       |    45 ||    45
       Scimitar          |       |       |       |    39 ||    39
 Fire: Blowgun           |     4 |     4 |    39 |    28 ||    75
       Hunting sling     |       |   100 |   126 |   229 ||   455
Throw: Stone             |       |    26 |       |       ||    26
       Javelin           |       |       |       |     1 ||     1
 Cast: Repel Missiles    |       |       |     1 |     1 ||     2
Invok: Shadow Step       |       |       |     2 |     1 ||     3
 Abil: Breathe Noxious F |       |       |    14 |     8 ||    22
Evoke: Wand              |       |       |     6 |       ||     6
  Use: Scroll            |       |     7 |    18 |     5 ||    30
       Potion            |       |     1 |       |       ||     1
 Stab: Sleeping          |     3 |     4 |    11 |    10 ||    28
       Paralysed         |       |       |     5 |       ||     5
       Confused          |       |       |     3 |     4 ||     7
       Distracted        |       |       |       |     3 ||     3
  Eat: Chunk             |     1 |     6 |    16 |    17 ||    40
       Fruit             |       |     1 |       |     1 ||     2
       Pizza             |       |       |     1 |       ||     1
       Royal jelly       |       |       |     1 |       ||     1
       Meat ration       |       |       |       |     1 ||     1
Armor: Skin              |    24 |    35 |    55 |    47 ||   161
Dodge: Dodged            |    65 |    97 |   228 |   486 ||   876
       Deflected         |       |       |     1 |     5 ||     6
       Rpst.: Scimitar   |       |       |       |    16 ||    16

Vanquished Creatures
  Snorg (D:10)
  A hill giant (D:10)
  A manticore (D:11)
  Grinder (D:6)
  3 two-headed ogres
  2 hippogriffs
  3 yaks (D:11)
  A hill giant zombie (D:10)
  A steam dragon (D:8)
  5 hungry ghosts
  2 soldier ants (D:8)
  Purgy (Sewer)
  An ice beast (D:7)
  A sky beast (D:6)
  7 orc warriors
  A necrophage (D:6)
  An eye of draining (D:9)
  7 phantoms
  3 ogres
  4 centaurs
  2 big kobolds
  6 bullfrogs
  A gnoll sergeant (D:8)
  3 scorpions
  2 wyvern skeletons (D:9)
  8 killer bees
  A troll zombie (D:10)
  8 wights (D:10)
  5 howler monkeys
  3 crimson imps
  2 hounds (D:9)
  3 jellies
  Crazy Yiuf (D:7)
  13 orc priests
  2 bullfrog skeletons (D:10)
  A centaur skeleton (D:4)
  2 iguanas
  Jessica (D:2)
  13 worker ants
  14 orc wizards
  4 ogre zombies (D:10)
  3 hound skeletons
  Robin (D:2)
  A worker ant zombie (D:7)
  5 gnolls
  A howler monkey skeleton (D:4)
  17 adders
  3 shadow imps
  2 oozes
  An adder zombie (D:5)
  An adder skeleton (D:7)
  A worm (D:2)
  A dart slug (D:4)
  4 leopard geckos
  46 orcs
  A ball python (D:3)
  8 bats
  5 giant cockroaches
  22 goblins
  14 hobgoblins
  14 jackals
  15 kobolds
  2 quokkas
  5 frilled lizards
  A giant cockroach zombie (D:5)
  2 goblin skeletons (D:10)
  2 goblin zombies (D:10)
  2 hobgoblin zombies (D:10)
  2 leopard gecko zombies
  4 orc skeletons (D:10)
  9 orc zombies (D:10)
  9 rats
346 creatures vanquished.

Vanquished Creatures (collateral kills)
  2 killer bees
2 creatures vanquished.

Vanquished Creatures (others)
  A plant (D:10)
1 creature vanquished.

Grand Total: 349 creatures vanquished
